 Dungeon Crawl Stone Soup version 0.28.0-43-g3370ac3207 (webtiles) character file.

Game seed: 5280913549752815404

65 styxcanada the Sneak (level 3, -3/18 HPs)
             Began as a Spriggan Brigand on Mar 30, 2022.
             Killed from afar by an orc wizard (5 damage)
             ... with a magic dart
             ... on level 2 of the Dungeon.
             The game lasted 00:06:13 (2023 turns).

styxcanada the Sneak (Spriggan Brigand)             Turns: 2023, Time: 00:06:14

Health: -3/18      AC:  3    Str:  7    XL:     3   Next: 94%
Magic:  4/4        EV: 17    Int: 12    God:
Gold:   59         SH:  0    Dex: 18    Spells: 2/2 levels left

rFire   . . .      SeeInvis +   a - +2 dagger
rCold   . . .      Faith    .   (no shield)
rNeg    . . .      Spirit   .   b - +0 robe
rPois   .          Reflect  .   (helmet restricted)
rElec   .          Harm     .   c - +0 cloak
rCorr   +          Rampage  .   (gloves unavailable)
Will    .....                   (boots unavailable)
Stlth   ++++......              (no amulet)
HPRegen 0.06/turn               i - ring of resist corrosion
MPRegen 0.09/turn               (no ring)

@: very quick
A: very small, no large weapons, unfitting armour, see invisible, speed 3
a: no special abilities


You were on level 2 of the Dungeon.
You visited 1 branch of the dungeon, and saw 2 of its levels.

You collected 59 gold pieces.

Inventory:

Hand Weapons
 a - a +2 dagger (weapon)
 k - a +0 hunting sling
Missiles
 d - 2 poisoned darts (quivered)
 e - 2 curare-tipped darts
 h - 3 boomerangs
 q - 51 stones
 t - 17 sling bullets
Armour
 b - a +0 robe (worn)
 c - a +0 cloak (worn)
Jewellery
 i - a ring of resist corrosion (left hand)
Scrolls
 j - a scroll of teleportation
 n - a scroll of immolation {unknown}
 o - a scroll of enchant weapon {unknown}
 p - 4 scrolls of identify {unknown}
 r - a scroll of fog {unknown}
 s - a scroll of silence {unknown}
Potions
 f - a potion of attraction {unknown}
 g - a potion of ambrosia {unknown}
 l - 2 potions of haste {unknown}
 m - a potion of flight {unknown}


   Skills:
 + Level 1.8 Fighting
 + Level 3.0 Short Blades
 + Level 2.4 Throwing
 + Level 2.3 Dodging
 + Level 6.9 Stealth


You had 2 spell levels left.
You didn't know any spells.
Your spell library was empty.

Dungeon Overview and Level Annotations

Branches:
Dungeon (2/15)

Altars:


Innate Abilities, Weirdness & Mutations

You are very small and have problems with some larger weapons.
You are too small for most types of armour.
You have supernaturally acute eyesight. (SInv)
You cover ground extremely quickly. (Speed+++)


Message History

There is a stone staircase leading down, spattered with blood here.
You bump into the rock wall.
The orc wizard closely misses you.
You hit the orc wizard but do no damage.
The orc wizard is heavily wounded.
The orc wizard hits you but does no damage.
You hit the orc wizard but do no damage.
You punch the orc wizard, but do no damage.
The orc wizard is heavily wounded.
The orc wizard casts a spell.
The orc wizard flickers and vanishes for a moment.
You miss the orc wizard.
The orc wizard is heavily wounded.
The orc wizard hits you with a +0 dagger.
The orc wizard closely misses you.
There is a stone staircase leading down, spattered with blood here.
You miss the orc wizard.
The orc wizard is moderately wounded.
You feel less confused.
The orc wizard points at you and mumbles some strange words.
The magic dart hits you.
* * * LOW HITPOINT WARNING * * *
You closely miss the orc wizard.
The orc wizard is moderately wounded.
The orc wizard hits you with a +0 dagger.
* * * LOW HITPOINT WARNING * * *
Throw: 4 darts (poison)
Press: ? - help, Q - select action, (/) - cycle Shift-Dir - straight line, f - orc wizard
Aim: an orc wizard, wielding a +0 dagger and wearing a +0 robe (moderately wounded, slightly transparent, 55% to hit)
You throw a poisoned dart. The poisoned dart hits the orc wizard.
The orc wizard is poisoned.
The orc wizard is moderately wounded.
Throw: 3 darts (poison)
Press: ? - help, Q - select action, (/) - cycle Shift-Dir - straight line, f/p - orc wizard
Aim: an orc wizard, wielding a +0 dagger and wearing a +0 robe (heavily wounded, slightly transparent, poisoned, 55% to hit)
You throw a poisoned dart. The poisoned dart hits the orc wizard.
The orc wizard looks even sicker.
The orc wizard is heavily wounded.
The orc wizard casts a spell at you. The magic dart hits you.
You die...

.. #..## ## #.##
#o# #o# #.###
#.#.## ###....##
+.......#
###@...##
##....####
#........#
#........#
#.....>..# #>#
##...##.##
####.### ######†#
....##.### #.# #
##....#..######.#


You could see an orc wizard (invisible, very poisoned) and an orc.

Vanquished Creatures
  2 dart slugs (D:1)
  3 orcs (D:2)
  An endoplasm (D:1)
  A giant cockroach (D:1)
  5 goblins
  7 hobgoblins
  10 jackals
  5 kobolds
  A quokka (D:2)
  4 ball pythons (D:1)
  4 bats (D:1)
  4 frilled lizards
  4 rats
51 creatures vanquished.

Notes
Turn   | Place    | Note
-------+----------+-------------------------------------------
     0 | D:1      | styxcanada the Spriggan Brigand began the quest for the
                  | Orb.
     0 | D:1      | Reached XP level 1. HP: 10/10 MP: 2/2
   109 | D:1      | Reached skill level 6 in Stealth
   264 | D:1      | Reached XP level 2. HP: 4/14 MP: 3/3
  1343 | D:1      | Reached XP level 3. HP: 18/18 MP: 4/4
  2023 | D:2      | Killed from afar by an orc wizard

Illustrated notes

Levels and vault maps discovered:
D:1:      dpeg_arrival_lava_altar, layout_basic,
          amcnicky_mini_rare_corridor_liquid, minivault_26,
          ebering_dispersal_statue_hall, minmay_misc_feat_square
D:2:      layout_loops_corners, minivault_24, uniq_natasha

Skill      XL: |  1  2  3 |
---------------+----------+-----
Stealth        | 6 |  6.9
Dodging        | 2 |  2.3
Short Blades   | 3 |  3.0
Fighting       | |  1.8
Throwing       | |  2.4

Action                   || total
-------------------------++-------
Melee: Dagger            ||   161
       Punch             ||     1
Throw: Dart              ||    21
  Use: Scroll            ||     2
 Stab: Sleeping          ||     9
Armor: Robe              ||    28
Dodge: Dodged            ||   108
